 Dungeon Crawl Stone Soup version 0.29.1-1-gd02db6906a (webtiles) character file.

Game seed: 13927530724557599445

53 Descartes the Vexing (level 3, -1/14 HPs)
             Began as a Felid Wanderer on Oct 16, 2022.
             Slain by a goblin
             ... wielding a +0 dagger
             ... led by Robin
              (3 damage)
             ... on level 2 of the Dungeon.
             The game lasted 00:02:22 (2797 turns).

Descartes the Vexing (Felid Wanderer)               Turns: 2797, Time: 00:02:22

Health: -1/14      AC:  1    Str:  9    XL:     3   Next: 64%
Magic:  8/8        EV: 18    Int: 14    God:
Gold:   51         SH:  0    Dex: 15    Spells: 7/8 levels left
                                        Lives:  0   Deaths: 0

rFire   . . .      SeeInvis +     - Unarmed
rCold   . . .      Faith    .   (shield unavailable)
rNeg    . . .      Spirit   .   (body armour unavailable)
rPois   .          Reflect  .   (helmet unavailable)
rElec   .          Harm     .   (cloak unavailable)
rCorr   .          Rampage  .   (gloves unavailable)
Will    .....                   (boots unavailable)
Stlth   ++........              b - amulet of regeneration
HPRegen 0.84/turn               h - ring of flight
MPRegen 0.11/turn               (no ring)

@: flying, quick
A: very small, claws 1, fangs 3, see invisible, speed 1, shaggy fur 1, stealthy
paws, no weapons or thrown items, no armour, multi-lived
a: no special abilities


You were on level 2 of the Dungeon.
You visited 1 branch of the dungeon, and saw 2 of its levels.

You collected 51 gold pieces.

Inventory:

Jewellery
 b - an amulet of regeneration (around neck)
 h - a ring of flight (left paw)
Scrolls
 d - 2 scrolls of noise {unknown}
 e - a scroll of poison {unknown}
 f - 2 scrolls of identify {unknown}
Potions
 a - a potion of heal wounds
 c - a potion of flight {unknown}
 g - a potion of brilliance {unknown}
 i - a potion of attraction {unknown}


   Skills:
 + Level 4.1 Dodging
 - Level 1.3 Stealth
 + Level 2.1 Unarmed Combat
 - Level 3.0 Spellcasting
 + Level 4.5 Hexes
 + Level 2.0 Translocations


You had 7 spell levels left.
You knew the following spells:

 Your Spells              Type           Power      Damage    Failure   Level
a - Slow                  Hex            56%        N/A       3%          1

Your spell library contained the following spells:

 Spells                   Type           Power      Damage    Failure   Level
 Apportation              Tloc           14%        N/A       10%         1
 Inner Flame              Hex/Fire       8%         N/A       26%         3
 Gell's Gravitas          Tloc           7%         N/A       28%         3
 Lesser Beckoning         Tloc           7%         N/A       28%         3
 Teleport Other           Tloc           7%         N/A       28%         3
 Leda's Liquefaction      Hex/Erth       4%         N/A       63%         4


Dungeon Overview and Level Annotations

Branches:
Dungeon (2/15)

Altars:

Annotations:
D:2 Robin


Innate Abilities, Weirdness & Mutations

You have sharp claws.
You have razor-sharp teeth.
You have supernaturally acute eyesight. (SInv)
You cover ground quickly. (Speed+)
You are covered in fur. (AC +1)
Your paws help you pounce on unaware monsters.
You are incapable of wielding weapons or throwing items.
You cannot wear armour.
You gain extra lives every three experience levels.


Message History

A goblin comes into view. It is wielding a +0 dagger. x2
You hear a shout! x2
You hear a shout! x2
Robin, a hobgoblin and 7 goblins come into view.
A goblin is wielding a +1 dagger of speed.
Robin shouts!
The goblin shouts! x3; The hobgoblin shouts!
The goblin shouts! x3
Robin throws the goblin at you! The goblin hits you with a +0 dagger.
The goblin misses you.
You closely miss the goblin.
Robin says, "My goblins will feast on your bones."
The goblin hits you with a +0 dagger. The goblin barely misses you.
You closely miss the goblin. You bite the goblin, but do no damage.
The goblin hits you but does no damage.
You barely miss the goblin. The goblin barely misses you. x2
You closely miss the goblin.
Robin says, "My army is invincible!"
Robin roars a battlecry!
The goblins go into a battle-frenzy!
The goblin closely misses you. The goblin completely misses you.
You scratch the goblin.
You kill the goblin!
The goblin hits you but does no damage.
Your Translocations skill increases to level 2!
You closely miss the goblin. The goblin hits you with a +0 club.
The goblin completely misses you.
You closely miss the goblin. The goblin hits you with a +0 dagger.
The goblin barely misses you.
You scratch the goblin but do no damage.
The goblin misses you. x2
You scratch the goblin.
You kill the goblin!
Robin throws the goblin at you! The goblin completely misses you.
The goblin misses you.
You closely miss the goblin. Your claw misses the goblin.
The goblin closely misses you. The goblin hits you but does no damage.
The goblin closely misses you.
You barely miss the goblin.
The goblin hits you with a +0 dagger. x2
* * * LOW HITPOINT WARNING * * *
The goblin hits you with a +0 dagger.
You die...

...##.##.#..............#.#...##.
.........#⌠...⌠....###........##.
#####.########..........#.#......
#.# #....(..#####.###.... #.#
##>....## #.# #.### # #.# ##...##
#.# #.# #####.# ##.## #... ...
......# #g###...# ..##. #######
#@g.....# #.... # ...gggg##......
#.### ....g#g .##.## .#.. g. . #
## #g# .. ## ##


You could see Robin and 9 goblins.

Vanquished Creatures
  An adder (D:2)
  A worm (D:2)
  5 bats
  6 endoplasms
  4 giant cockroaches
  3 hobgoblins
  2 quokkas (D:1)
  2 ball pythons
  3 frilled lizards (D:1)
  5 goblins
  2 kobolds (D:2)
  3 rats
37 creatures vanquished.

Notes
Turn   | Place    | Note
-------+----------+-------------------------------------------
     0 | D:1      | Descartes the Felid Wanderer began the quest for the Orb.
     0 | D:1      | Descartes set off with the following items: a potion of
                  | heal wounds; and the following spells available to
                  | memorise: Slow, Apportation, Inner Flame, Lesser Beckoning,
                  | Leda's Liquefaction.
     0 | D:1      | Reached XP level 1. HP: 7/7 MP: 5/5
   745 | D:1      | Reached skill level 1 in Unarmed Combat
   773 | D:1      | Reached XP level 2. HP: 6/11 MP: 7/7
   784 | D:1      | Learned a level 1 spell: Slow
  1969 | D:2      | Reached XP level 3. HP: 8/14 MP: 8/8
  2419 | D:2      | Found a faded altar of an unknown god.
  2786 | D:2      | Noticed Robin
  2797 | D:2      | Slain by a goblin

Illustrated notes

Levels and vault maps discovered:
D:1:      lightli_molten_gateway, layout_loops_cross
D:2:      layout_loops_cross, hellmonk_ecumenical_altar_run_dry, uniq_robin

Skill      XL: |  1  2  3 |
---------------+----------+-----
Dodging        | 3 4 |  4.1
Unarmed Combat | 1 2 |  2.1
Translocations | 2 |  2.0
Stealth        | |  1.3
Spellcasting   | |  3.0
Hexes          | |  4.5

Action                   || total
-------------------------++-------
Melee: Unarmed           ||   176
       Bite              ||    17
       Punch             ||     1
 Stab: Sleeping          ||     3
Armor: Skin              ||    18
Dodge: Dodged            ||   165
